Map: Backwater LE

Players

ILIEKEGGPIE - Winner!

  • Race: Protoss Protoss
  • Spawn Location: 11:00

Progonich

  • Race: Zerg Zerg
  • Spawn Location: 5:00

VOD

Have the link to the VOD?

Description

Time

  • Played on: April 4, 2018, 6:09 a.m.
  • Length: 19:03
Show
View Real Time Build Order
Export as new Build Order

ILIEKEGGPIE Protoss - Winner!

Build Orders:  

Get SALT Encoding   

  12  0:01  Probe  
  13  0:13  Probe  
  14  0:24  Pylon  
  14  0:25  Probe  
  15  0:42  Probe (Chrono Boost)  
  16  0:47  Gateway  
  16  0:54  Probe (Chrono Boost)  
  16  0:55  Assimilator  
  17  1:01  Probe (Chrono Boost)  
  18  1:08  Probe  
  19  1:15  Gateway  
  19  1:29  Probe  
  20  1:36  Cybernetics Core  
  20  1:38  Zealot  
  22  1:43  Probe  
  22  1:45  Assimilator  
  23  1:52  Pylon  
  23  2:10  Warp Gate (Chrono Boost)  
  25  2:15  Stalker  
  25  2:16  Stalker  
  27  2:35  Nexus  
  27  2:38  Probe  
  28  2:53  Pylon  
  28  2:56  Probe (Chrono Boost)  
  30  3:06  Probe (Chrono Boost)  
  30  3:11  Probe (Chrono Boost)  
  30  3:13  Stalker  
  30  3:19  Forge  
  33  3:23  Probe  
  34  3:33  Robotics Facility  
  34  3:40  Gateway  
  34  3:53  Protoss Ground Weapons Level 1 (Chrono Boost)  
  34  3:54  Gateway  
  34  4:04  Probe (Chrono Boost)  
  36  4:10  Probe (Chrono Boost)  
  36  4:14  Zealot  
  39  4:18  Probe (Chrono Boost)  
  39  4:19  Probe (Chrono Boost)  
  39  4:22  Observer  
  41  4:28  Probe (Chrono Boost)  
  43  4:31  Probe (Chrono Boost)  
  43  4:34  Photon Cannon  
  43  4:35  Probe (Chrono Boost)  
  44  4:40  Probe  
  45  4:52  Probe (Chrono Boost)  
  47  4:53  Probe (Chrono Boost)  
  47  4:58  Assimilator  
  47  5:03  Assimilator, Observer  
  47  5:04  Probe (Chrono Boost)  
  50  5:08  Probe (Chrono Boost)  
  50  5:15  Probe  
  50  5:16  Probe  
  52  5:42  Probe (Chrono Boost)  
  54  5:43  Pylon x2  
  54  5:48  Probe (Chrono Boost)  
  54  5:59  Stargate  
  54  6:01  Immortal (Chrono Boost), Probe (Chrono Boost)  
  60  6:05  Pylon  
  60  6:09  Probe (Chrono Boost)  
  61  6:12  Probe (Chrono Boost)  
  61  6:17  Stalker x2  
  61  6:18  Sentry, Nexus  
  67  6:20  Pylon  
  67  6:24  Pylon  
  63  6:26  Assimilator  
  63  6:30  Assimilator  
  61  6:37  Immortal (Chrono Boost)  
  65  6:40  Protoss Ground Armor Level 1  
  65  6:55  Sentry x3  
  71  7:05  Void Ray (Chrono Boost)  
  75  7:08  Gateway  
  75  7:09  Gateway  
  75  7:15  Probe  
  75  7:16  Probe  
  77  7:24  Stalker  
  77  7:27  Probe  
  80  7:47  Void Ray (Chrono Boost)  
  84  8:01  Robotics Bay  
  84  8:02  Probe x2 (Chrono Boost)  
  84  8:04  Probe (Chrono Boost)  
  89  8:13  Probe (Chrono Boost)  
  89  8:14  Probe (Chrono Boost)  
  89  8:18  Probe (Chrono Boost)  
  91  8:31  Probe (Chrono Boost)  
  91  8:36  Immortal (Chrono Boost)  
  95  8:45  Probe x3  
  98  8:53  Stalker  
  98  8:54  Stalker x4  
  108  9:00  Probe  
  109  9:04  Pylon  
  109  9:06  Pylon, Probe  
  109  9:08  Pylon  
  109  9:13  Pylon  
  109  9:14  Pylon  
  109  9:18  Extended Thermal Lance (Chrono Boost)  
  109  9:19  Gateway  
  109  9:20  Gateway  
  109  9:22  Gateway, Probe  
  110  9:25  Pylon  
  110  9:27  Void Ray (Chrono Boost)  
  110  9:31  Twilight Council  
  114  9:52  Probe x3  
  117  9:55  Void Ray  
  121  10:04  Probe x2  
  121  10:06  Colossus  
  129  10:09  Blink  
  129  10:10  Zealot x2  
  129  10:11  Zealot x2  
  137  10:17  Gateway  
  137  10:19  Gateway  
  137  10:20  Protoss Ground Weapons Level 2  
  137  10:22  Gateway  
  137  10:31  Probe (Chrono Boost)  
  140  10:36  Probe x2 (Chrono Boost)  
  140  10:46  Nexus  
  140  10:49  Pylon  
  140  10:53  Pylon  
  140  10:55  Assimilator  
  140  10:59  Colossus (Chrono Boost), Assimilator  
  140  11:00  Stalker x3  
  140  11:01  Stalker, Pylon  
  142  11:42  Colossus (Chrono Boost)  
  123  11:54  Stalker x3  
  123  11:55  Stalker x3  
  123  12:00  Probe x2  
  123  12:01  Probe x2  
  133  12:12  Probe  
  134  12:18  Stalker x4  
  134  12:19  Stalker x2, Sentry  
  134  12:20  Sentry  
  156  12:32  Observer  
  156  12:36  Charge (Chrono Boost)  
  151  12:37  Robotics Facility  
  151  12:39  Robotics Facility  
  151  13:11  Stalker x3  
  151  13:12  Sentry x2  
  161  13:13  Zealot x2  
  161  13:14  Zealot x4  
  173  13:40  Protoss Ground Weapons Level 3 (Chrono Boost)  
  171  14:06  Colossus (Chrono Boost)  
  172  14:10  Observer (Chrono Boost)  
  172  14:16  Observer (Chrono Boost)  
  178  14:18  Pylon  
  178  14:22  Pylon  
  178  14:27  Stalker x2  
  178  14:29  Sentry x3  
  188  14:36  Colossus  
  193  14:40  Observer  
  193  14:43  Stalker x3  
  192  15:27  Stalker x2  
  192  15:28  Stalker x3  
  200  15:37  Templar Archives  
  129  16:07  Stalker x3  
  129  16:09  Sentry  
  129  16:10  Sentry  
  107  16:29  Stalker x5  
  107  16:30  Colossus (Chrono Boost)  
  107  16:31  Colossus (Chrono Boost)  
  117  16:35  Colossus (Chrono Boost)  
  117  16:37  Stalker x2  
  117  16:38  Stalker x3, Sentry  
  147  16:53  Gateway  
  147  16:54  Gateway  
  147  16:57  Gateway  
  147  17:13  Immortal x2  
  155  17:27  Nexus  
  155  17:29  Pylon  
  155  17:32  High Templar x6, Pylon  
  155  17:33  High Templar x2  
  171  17:52  Archon  
  171  17:53  Archon x3  
  165  18:07  Assimilator x2  
  165  18:11  Pylon  
  165  18:12  Pylon  
  145  18:26  Stalker x2  
  145  18:27  Stalker x2, Sentry x2  
  151  18:28  Zealot x3, Sentry  
  151  18:29  Zealot x3  
  171  18:58  Stalker x2  
  171  18:59  Stalker x3  
Show
View Real Time Build Order
Export as new Build Order

Progonich Zerg 

Build Orders: Hatch First, Lurkers 

Get SALT Encoding   

  12  0:01  Drone  
  13  0:13  Overlord  
  13  0:18  Drone  
  14  0:31  Drone x2  
  16  0:35  Drone  
  17  0:46  Drone  
  18  0:57  Hatchery  
  18  1:00  Extractor  
  18  1:01  Drone  
  17  1:08  Drone  
  18  1:20  Spawning Pool  
  18  1:21  Drone  
  18  1:30  Drone  
  19  1:42  Drone  
  20  1:54  Drone  
  21  2:01  Drone  
  21  2:05  Hatchery  
  21  2:16  Queen x2  
  25  2:29  Roach Warren, Zergling x2  
  25  2:31  Zergling x2  
  26  2:37  Overlord  
  26  2:44  Overlord  
  26  2:53  Spore Crawler  
  25  3:01  Lair  
  25  3:03  Drone  
  25  3:05  Drone  
  27  3:08  Drone  
  27  3:12  Drone  
  29  3:15  Drone  
  29  3:19  Drone, Extractor  
  30  3:28  Drone  
  30  3:29  Drone x2  
  33  3:45  Drone  
  33  3:46  Drone x5  
  39  3:53  Drone x3  
  42  4:13  Roach x4  
  50  4:18  Overlord x3  
  50  4:41  Roach  
  50  4:42  Roach x8  
  68  4:57  Overlord  
  68  4:58  Overlord  
  68  5:05  Overlord x4  
  68  5:14  Overlord x2  
  68  5:15  Overlord  
  68  5:17  Overseer  
  68  5:37  Extractor  
  68  5:38  Spore Crawler, Extractor  
  68  5:41  Drone x2  
  68  5:42  Drone  
  68  5:45  Drone x2  
  68  5:46  Spore Crawler, Drone  
  68  5:48  Drone  
  68  5:49  Drone x2  
  73  5:55  Spine Crawler  
  72  5:57  Drone  
  72  5:58  Drone x2  
  72  6:00  Drone x2  
  72  6:02  Spine Crawler x2  
  72  6:03  Drone  
  75  6:28  Glial Reconstitution  
  74  6:51  Drone x7  
  74  6:52  Drone x2  
  83  6:54  Queen x3  
  89  7:30  Queen  
  89  7:46  Roach  
  89  7:47  Roach x6  
  89  7:50  Zergling x14  
  89  7:51  Zergling x4  
  112  8:20  Hydralisk Den  
  112  8:22  Infestation Pit  
  112  8:23  Drone  
  112  8:26  Evolution Chamber  
  110  8:30  Evolution Chamber  
  110  8:32  Drone  
  110  8:33  Drone x2, Extractor  
  111  8:35  Drone x2  
  111  8:36  Drone, Extractor  
  111  8:40  Drone x10  
  111  8:41  Drone x2  
  125  8:57  Zerg Ground Armor Level 1, Zerg Missile Weapons Level 1  
  125  9:15  Muscular Augments  
  125  9:22  Hydralisk x2  
  129  9:27  Overlord  
  129  9:28  Overlord x13  
  129  9:33  Overseer  
  129  9:48  Hydralisk x8  
  145  9:53  Drone  
  145  9:57  Lurker Den  
  145  10:05  Hydralisk  
  145  10:06  Hydralisk x7  
  161  10:26  Grooved Spines  
  159  10:54  Zerg Ground Armor Level 2, Zerg Missile Weapons Level 2  
  153  11:34  Hydralisk x12  
  153  11:35  Hydralisk x11  
  122  12:09  Pneumatized Carapace  
  122  12:10  Burrow  
  122  12:20  Extractor  
  122  12:22  Drone x3  
  124  12:23  Spore Crawler  
  124  12:24  Drone  
  124  12:26  Drone  
  125  12:30  Drone x2  
  127  12:39  Drone x2  
  127  12:41  Hydralisk  
  127  12:42  Hatchery, Hydralisk x7  
  144  12:45  Lurker  
  144  12:46  Lurker x5  
  144  12:47  Extractor  
  144  12:49  Extractor  
  144  12:50  Spine Crawler, Lurker x2  
  149  12:54  Spore Crawler  
  149  12:57  Hive  
  148  13:35  Hydralisk  
  148  13:36  Hydralisk x16  
  182  13:55  Hydralisk  
  182  13:56  Hydralisk x8  
  191  14:13  Hydralisk x4  
  197  14:56  Zerg Missile Weapons Level 3  
  170  15:34  Hydralisk x10  
  170  15:35  Hydralisk x7  
  189  15:58  Hydralisk x13  
  189  15:59  Hydralisk x2  
  121  16:23  Hydralisk x7  
  121  16:24  Hydralisk x7  
  130  16:38  Lurker  
  131  16:46  Drone  
  132  17:11  Spore Crawler  
  132  17:12  Hydralisk x3  
  132  17:13  Hydralisk x3  
  143  17:41  Lurker x2  
  143  17:42  Lurker x2  
  121  18:06  Hydralisk  
  121  18:07  Hydralisk x8  
  121  18:08  Hydralisk  
  112  18:25  Hydralisk x3  
  112  18:26  Hydralisk x3  
Tags
 
Composition
Lurkers
Matchup
PvZ
Replay Pack
Multi
Spawn Locations
Cross Positions
Add a new tag
Caveats
  • Supply blocks, unpowered buildings, or Contaminate may cause inaccurate times.
  • Supply counts are checked every 10 seconds.